 Dungeon Crawl Stone Soup version 0.23.2-1-ga50397a (webtiles) character file.

Game seed: 14748299527987826149

6749 Fortress the Cleaver (level 10, -1/96 HPs)
             Began as a Deep Dwarf Berserker on May 30, 2019.
             Was a High Priest of Trog.
             Succumbed to Sonja's poison
             ... on level 9 of the Dungeon.
             The game lasted 00:51:37 (6523 turns).

Fortress the Cleaver (Deep Dwarf Berserker)         Turns: 6523, Time: 00:51:39

Health: -1/96      AC: 17    Str: 27    XL:     10   Next: 75%
Magic:  6/6        EV: 14    Int: 11    God:    Trog [*****.]
Gold:   423        SH:  0    Dex: 17    Spells: 9/9 levels left

rFire    + . .     SeeInvis .   M - +5 battleaxe
rCold    + . .     Gourm    .   (shield currently unavailable)
rNeg     . . .     Faith    .   B - +6 scale mail of the Morning Star {rElec rF- Int+4}
rPois    .         Spirit   .   r - +0 helmet
rElec    +         Reflect  .   (no cloak)
rCorr    .         Harm     .   (no gloves)
MR       +....                  H - +0 pair of boots
Stlth    ..........             (no amulet)
HPRegen  0.00/turn              g - +5 ring of strength
MPRegen  0.10/turn              O - ring of the Dragon {+Inv rF++ rC+ Dex+2 Stlth-}

@: lethally poisoned (-1 -> -81), non-regenerating, slowed, very slow
A: damage resistance, heal wounds, sense surroundings 2, no regeneration
a: Heal Wounds, Berserk, Trog's Hand, Brothers in Arms, Renounce Religion, Evoke
Invisibility


You were on level 9 of the Dungeon.
You worshipped Trog.
Trog was extremely pleased with you.
You were not hungry.

You visited 1 branch of the dungeon, and saw 10 of its levels.

You collected 423 gold pieces.

Inventory:

Hand Weapons
 a - a +0 hand axe
 u - a +1 scythe of holy wrath
 y - a +1 flail of crushing
 J - a +1 hand axe of electrocution
 M - a +5 battleaxe (weapon)
 N - a +4 halberd of freezing
Missiles
 d - 260 stones (quivered)
 f - 100 sling bullets
 P - 8 silver tomahawks
Armour
 o - a +0 plate armour
 r - a +0 helmet (worn)
 v - a +1 robe of magic resistance
 B - the +6 scale mail of the Morning Star (worn) {rElec rF- Int+4}
   (You found it on level 5 of the Dungeon)

   It affects your intelligence (+4).
   It makes you vulnerable to fire.
   It insulates you from electricity.
 H - a +0 pair of boots (worn)
Magical Staves
 i - an uncursed staff of summoning {unknown}
Jewellery
 g - a +5 ring of strength (left hand)
 w - an uncursed ring of positive energy
 A - an uncursed amulet of guardian spirit {unknown}
 E - an uncursed ring of poison resistance {unknown}
 O - the ring of the Dragon (right hand) {+Inv rF++ rC+ Dex+2 Stlth-}
   (You found it on level 7 of the Dungeon)

   [ring of protection from cold]

   It affects your dexterity (+2).
   It greatly protects you from fire.
   It protects you from cold.
   It lets you turn invisible.
   It makes you less stealthy.
Wands
 C - a wand of iceblast (9)
 Q - a wand of acid (10)
Scrolls
 b - a scroll of enchant armour {unknown}
 h - 2 scrolls of blinking
 k - 2 scrolls of teleportation
 m - 4 scrolls of magic mapping
 p - 5 scrolls of remove curse
 q - a scroll of random uselessness {unknown}
 I - 3 scrolls of identify
 L - a scroll of fear
Potions
 e - a potion of magic
 j - a potion of might {unknown}
 l - 4 potions of invisibility
 n - a potion of lignification
 s - 3 potions of brilliance
 x - 3 potions of curing
 z - a potion of heal wounds {unknown}
 D - a potion of haste {unknown}
 F - a potion of berserk rage {unknown}
 G - a potion of agility {unknown}
Comestibles
 c - 20 rations
 t - a chunk of flesh


   Skills:
 + Level 8.1 Fighting
 + Level 12.0 Axes
 + Level 9.3 Armour
 + Level 5.4 Dodging


You had 9 spell levels left.
You didn't know any spells.
Your spell library was empty.

Dungeon Overview and Level Annotations

Branches:
Dungeon (10/15)            Temple (0/1) D:7
   Lair: D:8-11         Orc: D:9-12

Altars:
Gozag
Hepliaklqana
Nemelex Xobeh
Zin
Lugonu

Shops:
D:4 }

Annotations:
D:7 2 transporters
D:10 Sonja


Innate Abilities, Weirdness & Mutations

You are resistant to damage.
You can heal yourself by infusing magical energy.
You passively map the area around you.
You do not regenerate.


Message History

Sonja hits you but does no damage.
You are more poisoned.
Sonja hits you but does no damage.
You are more poisoned.
Sonja barely misses you. Sonja misses you. Sonja hits you but does no damage.
You are more poisoned.
Sonja mumbles some strange words.
Sonja blinks!
* * * LOW HITPOINT WARNING * * *
You feel extremely sick. The bullfrog barely misses you.
There is a stone staircase leading up here.
You see here 2 curare-tipped needles.
* * * LOW HITPOINT WARNING * * *
You feel extremely sick.
The bullfrog hits you but does no damage.
The bullfrog barely misses you.
Sonja shouts, "Some dancing partner you are!"
You climb upwards.
You die...

* #. * ####.#
#####+##### #.....
#.........# #.....
#.........# #.....
#.........# #.....
#.........+.#.....
#.F..<....#.......
#@........#*#.....
#.........# #.....
#####'##### #.....
#.# ###### #.# #.#
#### #.# #... #.#
#... #.# #...


You could see a bullfrog.

Vanquished Creatures
  Gastronok (D:8)
  Harold (D:8)
  Pikel (D:9)
  Sigmund (D:2)
  A spriggan (D:8)
  A wyvern (D:8)
  3 ice beasts
  5 orc warriors
  A phantom (D:9)
  A black bear (D:7)
  4 ogres
  A centaur (D:5)
  A big kobold (D:5)
  5 bullfrogs
  2 gnoll sergeants
  A wyvern zombie (D:8)
  A scorpion (D:5)
  4 killer bees (D:9)
  5 wights (D:7)
  A centaur zombie (D:9)
  A howler monkey (D:8)
  3 crimson imps
  A jelly (D:8)
  9 orc priests
  A quasit (D:7)
  6 hounds
  4 orc wizards
  2 bullfrog skeletons
  Natasha (thrice) (D:3)
  3 iguanas
  3 worker ants
  A hound skeleton (D:7)
  A worker ant zombie (D:8)
  6 gnolls
  6 adders
  A worm (D:4)
  7 leopard geckos
  28 orcs
  A ball python (D:3)
  6 giant cockroaches
  4 goblins
  12 hobgoblins
  9 jackals
  7 quokkas
  6 bats
  2 frilled lizards
  A giant cockroach zombie (D:6)
  9 kobolds
  A leopard gecko skeleton (D:5)
  4 rats
189 creatures vanquished.

Vanquished Creatures (others)
  A jackal (D:5)
1 creature vanquished.

Grand Total: 190 creatures vanquished

Notes
Turn   | Place    | Note
-------+----------+-------------------------------------------
     0 | D:1      | Fortress the Deep Dwarf Berserker began the quest for the
                  | Orb.
     0 | D:1      | Reached XP level 1. HP: 20/20 MP: 1/1
   212 | D:1      | Reached XP level 2. HP: 25/27 MP: 2/2
   422 | D:1      | You fall through a shaft!
   550 | D:3      | Reached XP level 3. HP: 28/34 MP: 3/3
   559 | D:3      | Reached ** piety under Trog
   559 | D:3      | Reached skill level 4 in Axes
  1606 | D:2      | Noticed Sigmund
  1651 | D:2      | Killed Sigmund
  1651 | D:2      | Reached skill level 5 in Axes
  1651 | D:2      | Reached XP level 4. HP: 26/43 MP: 4/4
  1651 | D:2      | Reached XP level 5. HP: 30/49 MP: 5/5
  1796 | D:3      | Reached XP level 6. HP: 37/57 MP: 6/6
  1810 | D:3      | Noticed Natasha
  1826 | D:3      | Killed Natasha
  1880 | D:3      | Found a glowing silver altar of Zin.
  1880 | D:3      | Found an opulent altar of Gozag.
  1881 | D:3      | Found a sparkling altar of Nemelex Xobeh.
  1901 | D:3      | Noticed Natasha
  1903 | D:3      | Killed Natasha
  2144 | D:3      | Noticed Natasha
  2151 | D:3      | Killed Natasha
  2366 | D:4      | Reached skill level 6 in Axes
  2451 | D:4      | Found Unaduud's Gadget Boutique.
  2621 | D:4      | Reached *** piety under Trog
  2733 | D:4      | Noticed an ice beast
  2747 | D:4      | Killed an ice beast
  2747 | D:4      | Reached XP level 7. HP: 38/66 MP: 6/6
  3043 | D:4      | Reached skill level 5 in Armour
  3284 | D:5      | Entered Level 5 of the Dungeon
  3339 | D:5      | Reached skill level 5 in Fighting
  3339 | D:5      | Reached skill level 7 in Axes
  3439 | D:5      | Reached XP level 8. HP: 62/74 MP: 6/6
  3489 | D:5      | Got a shimmering scale mail
  3500 | D:5      | Identified the +6 scale mail of the Morning Star {rElec rF-
                  | Int+4} (You found it on level 5 of the Dungeon)
  3968 | D:6      | Found a hazy altar of Hepliaklqana.
  4690 | D:7      | Found a transporter.
  4692 | D:7      | Found a transporter.
  4693 | D:7      | Noticed a small abomination
  4694 | D:7      | Found a corrupted altar of Lugonu.
  4694 | D:7      | Noticed a green ugly thing
  4694 | D:7      | Noticed a cyan ugly thing
  4698 | D:7      | Noticed a brown ugly thing
  4698 | D:7      | Noticed an ancient zyme
  4811 | D:7      | Reached **** piety under Trog
  4992 | D:7      | Got a brightly glowing platinum ring
  5131 | D:7      | Gained mutation: You passively map the area around you.
                  | [Deep Dwarf growth]
  5131 | D:7      | Reached XP level 9. HP: 66/85 MP: 7/7
  5298 | D:8      | Noticed Gastronok
  5304 | D:8      | Noticed Harold
  5314 | D:8      | Killed Gastronok
  5314 | D:8      | Reached skill level 10 in Axes
  5314 | D:8      | Reached skill level 5 in Dodging
  5314 | D:8      | Reached XP level 10. HP: 61/94 MP: 7/7
  5332 | D:8      | Killed Harold
  5420 | D:8      | Received a gift from Trog
  5570 | D:8      | Reached skill level 11 in Axes
  5725 | D:8      | Reached ***** piety under Trog
  5764 | D:8      | Identified the ring of the Dragon {+Inv rF++ rC+ Dex+2
                  | Stlth-} (You found it on level 7 of the Dungeon)
  6347 | D:10     | Entered Level 10 of the Dungeon
  6411 | D:9      | Noticed Pikel
  6416 | D:9      | Killed Pikel
  6416 | D:9      | Reached skill level 12 in Axes
  6513 | D:10     | Noticed Sonja
  6523 | D:9      | Succumbed to Sonja's poison

Skill      XL: |  1  2  3  4  5  6  7  8  9 10 |
---------------+-------------------------------+-----
Fighting       | 3 4 5 6 7 8 |  8.1
Axes           | 5 6 7 10 12 | 12.0
Armour         | 3 4 5 7 8 9 |  9.3
Dodging        | 3 4 5 |  5.4

Action                   |  1- 3 |  4- 6 |  7- 9 | 10-12 || total
-------------------------+-------+-------+-------+-------++-------
Melee: Hand axe          |   133 |    65 |    33 |       ||   231
       Flail             |       |    94 |   165 |       ||   259
       Battleaxe         |       |       |    61 |   164 ||   225
Invok: Berserk           |     1 |       |     1 |     1 ||     3
 Abil: Heal Wounds       |     1 |     4 |    12 |     7 ||    24
  Use: Scroll            |       |    10 |     3 |     6 ||    19
  Eat: Chunk             |     1 |     2 |     6 |     6 ||    15
       Ration            |     1 |       |     1 |       ||     2
Armor: Animal skin       |     3 |       |       |       ||     3
       Ring mail         |    25 |       |       |       ||    25
       Plate armour      |    32 |   119 |    44 |       ||   195
       Scale mail        |       |       |    98 |    62 ||   160
Dodge: Dodged            |    63 |    67 |   180 |   124 ||   434
